Map: Overgrown Facility

Players

ILIEKEGGPIE - Winner!

  • Race: Protoss Protoss
  • League: Platinum
  • Spawn Location: 9:00

BizMac - Winner!

  • Race: Protoss Protoss
  • League: Platinum
  • Spawn Location: 7:00

Pszemeu

  • Race: Terran Terran
  • League: Gold
  • Spawn Location: 3:00

duudley

  • Race: Protoss Protoss
  • League: Gold
  • Spawn Location: 1:00

VOD

Have the link to the VOD?

Description

Time

  • Played on: April 24, 2018, 12:14 p.m.
  • Length: 14:02
Show
View Real Time Build Order
Export as new Build Order

ILIEKEGGPIE Protoss - Winner!

Build Orders:  

Get SALT Encoding   

  12  0:01  Probe  
  13  0:13  Probe  
  14  0:20  Pylon  
  14  0:25  Probe  
  15  0:38  Probe  
  16  0:44  Gateway  
  16  0:53  Gateway  
  16  0:58  Probe  
  17  1:07  Assimilator  
  17  1:10  Probe  
  18  1:19  Pylon  
  18  1:22  Probe  
  19  1:34  Probe  
  20  1:41  Cybernetics Core  
  20  1:49  Probe  
  21  2:04  Assimilator  
  21  2:12  Nexus  
  21  2:17  Warp Gate  
  21  2:23  Probe  
  22  2:30  Stalker  
  22  2:34  Stalker  
  26  2:43  Pylon  
  26  3:00  Stalker  
  26  3:04  Stalker  
  30  3:15  Robotics Facility  
  30  3:22  Probe  
  30  3:25  Probe  
  32  3:30  Probe  
  32  3:33  Stalker  
  34  3:40  Stalker, Probe  
  37  3:45  Probe  
  39  3:51  Probe  
  39  3:53  Probe  
  40  3:57  Observer  
  42  4:08  Probe  
  42  4:11  Observer  
  43  4:19  Pylon  
  43  4:20  Probe  
  45  4:31  Stalker x2  
  49  4:32  Probe  
  44  4:45  Observer  
  44  4:48  Probe x2  
  47  5:00  Probe  
  47  5:01  Probe  
  49  5:11  Probe  
  49  5:13  Probe  
  51  5:15  Forge  
  51  5:16  Forge  
  51  5:17  Pylon  
  51  5:19  Probe  
  51  5:25  Probe  
  51  5:26  Immortal  
  51  5:27  Probe  
  54  5:37  Probe  
  54  5:39  Stalker  
  54  5:40  Stalker  
  63  5:46  Probe  
  63  5:49  Probe  
  65  6:02  Protoss Ground Armor Level 1  
  65  6:04  Probe  
  65  6:05  Probe  
  65  6:06  Assimilator  
  65  6:08  Gateway, Protoss Ground Weapons Level 1  
  65  6:10  Gateway  
  67  6:11  Assimilator  
  67  6:16  Probe  
  68  6:29  Pylon  
  68  6:32  Pylon  
  68  6:57  Immortal  
  68  6:58  Stalker x2  
  72  7:28  Sentry x3  
  72  7:29  Zealot  
  80  7:33  Twilight Council  
  80  7:45  Probe x2  
  80  7:50  Robotics Facility  
  82  7:54  Robotics Facility  
  82  7:57  Probe  
  83  8:06  Pylon  
  83  8:07  Charge  
  83  8:16  Protoss Ground Armor Level 2, Protoss Ground Weapons Level 2  
  83  8:21  Pylon  
  83  8:25  Immortal  
  87  8:29  Nexus  
  87  8:32  Pylon  
  87  8:38  Immortal  
  91  9:08  Immortal  
  91  9:09  Zealot x2  
  97  9:10  Zealot x2  
  97  9:16  Templar Archives  
  101  9:32  Probe x2  
  101  9:35  Immortal  
  107  9:39  Probe  
  107  9:40  Immortal  
  107  9:43  Pylon  
  107  9:44  Probe x2  
  114  9:47  Probe, Pylon  
  114  9:51  Zealot  
  114  9:52  Zealot  
  119  9:53  Pylon  
  119  9:56  Probe x2  
  119  9:57  High Templar x2, Pylon  
  125  10:12  Gateway  
  125  10:16  Protoss Ground Weapons Level 3, Protoss Ground Armor Level 3  
  125  10:17  Gateway x2  
  125  10:30  Assimilator  
  125  10:33  Pylon  
  125  10:34  Archon  
  125  10:36  Assimilator  
  125  10:37  Pylon  
  125  10:41  Immortal  
  129  11:16  Gateway  
  129  11:18  Immortal x2  
  137  11:19  Gateway  
  137  11:20  Gateway  
  137  11:35  Zealot x3  
  137  11:36  High Templar x3  
  149  11:41  Archon  
  149  11:45  Pylon  
  149  12:05  Pylon  
  141  12:26  Pylon  
  141  12:31  Zealot x5  
  141  12:32  High Templar x2  
  155  12:58  Archon  
  155  12:59  Nexus  
  155  13:02  Stalker x5, Pylon  
  165  13:05  Pylon  
  165  13:20  Immortal x2  
  105  13:57  Stalker  
  105  13:58  Stalker x4  
Show
View Real Time Build Order
Export as new Build Order

BizMac Protoss - Winner!

Build Orders: Double Forge 

Get SALT Encoding   

  12  0:01  Probe  
  13  0:13  Probe  
  14  0:23  Pylon  
  14  0:26  Probe  
  15  0:33  Assimilator  
  15  0:50  Gateway, Probe  
  16  0:58  Probe  
  17  1:08  Probe  
  17  1:09  Pylon  
  18  1:20  Probe  
  19  1:38  Probe  
  19  1:39  Zealot  
  22  1:47  Cybernetics Core  
  22  1:50  Probe  
  23  2:03  Assimilator  
  23  2:04  Warp Gate  
  23  2:06  Pylon  
  23  2:29  Probe  
  24  2:35  Forge  
  24  2:38  Gateway  
  24  2:41  Gateway  
  24  2:58  Probe  
  25  2:59  Nexus  
  25  3:15  Pylon  
  25  3:38  Twilight Council  
  25  3:45  Photon Cannon  
  25  3:53  Gateway  
  25  4:05  Forge  
  25  4:08  Probe  
  25  4:17  Probe  
  26  4:18  Probe  
  28  4:26  Stalker, Probe x2  
  28  4:28  Stalker  
  34  4:36  Probe  
  34  4:38  Pylon  
  34  4:40  Probe  
  36  4:46  Protoss Ground Weapons Level 1  
  36  4:52  Probe  
  37  4:58  Assimilator  
  37  5:01  Probe, Photon Cannon  
  37  5:05  Protoss Ground Armor Level 1  
  38  5:09  Probe  
  38  5:10  Assimilator  
  39  5:18  Probe  
  40  5:28  Stalker x2  
  40  5:30  Probe  
  45  5:42  Probe  
  46  5:50  Probe  
  46  5:54  Nexus  
  47  6:00  Probe  
  48  6:06  Pylon  
  48  6:09  Blink  
  48  6:12  Probe  
  48  6:14  Probe  
  50  6:53  Robotics Facility  
  50  6:55  Robotics Facility  
  50  6:56  Stalker  
  50  6:57  Stalker x3  
  58  7:13  Photon Cannon  
  58  7:28  Stalker x4  
  66  7:36  Probe  
  67  7:42  Photon Cannon  
  67  7:48  Probe  
  67  7:49  Protoss Ground Weapons Level 2  
  67  7:50  Probe  
  67  7:51  Protoss Ground Armor Level 2  
  68  7:53  Nexus  
  68  7:58  Probe  
  69  8:00  Probe  
  71  8:06  Pylon  
  71  8:08  Pylon, Probe  
  71  8:12  Probe  
  73  8:13  Pylon  
  73  8:37  Stalker x3  
  73  8:38  Stalker  
  75  9:15  Charge  
  75  9:27  Photon Cannon x2  
  75  9:30  Photon Cannon  
  75  9:31  Photon Cannon  
  75  9:32  Immortal x2  
  75  9:34  Probe x2  
  75  9:37  Assimilator  
  77  9:40  Assimilator  
  77  9:43  Probe  
  85  9:46  Probe  
  85  9:47  Zealot  
  85  9:48  Zealot x3  
  95  9:58  Probe  
  86  10:51  Stalker x4  
  86  10:55  Protoss Ground Weapons Level 3  
  86  10:56  Protoss Ground Armor Level 3  
  94  11:03  Pylon, Photon Cannon  
  94  11:06  Probe  
  95  11:14  Robotics Bay  
  95  11:17  Immortal x2  
  95  11:18  Probe  
  96  11:24  Probe  
  97  11:30  Probe  
  106  11:36  Probe  
  107  11:48  Probe  
  108  11:54  Probe  
  108  11:56  Colossus x2  
  109  12:03  Extended Thermal Lance  
  121  12:13  Stalker x3  
  121  12:14  Stalker  
  115  12:55  Stalker x4  
  115  12:58  Colossus x2  
  123  13:11  Probe  
  136  13:14  Assimilator  
  136  13:18  Assimilator  
  126  13:57  Stalker x4  
Show
View Real Time Build Order
Export as new Build Order

Pszemeu Terran 

Build Orders:  

Get SALT Encoding   

  12  0:01  SCV  
  13  0:14  SCV  
  14  0:21  Supply Depot  
  14  0:26  SCV  
  15  0:38  Refinery  
  15  0:43  SCV  
  15  0:48  Barracks  
  16  0:55  SCV  
  17  1:07  SCV  
  18  1:27  SCV  
  19  1:39  Supply Depot, SCV  
  20  1:42  Barracks Reactor  
  20  1:49  Refinery  
  20  1:51  SCV  
  21  1:58  Command Center  
  21  2:03  SCV  
  22  2:15  SCV  
  23  2:20  Factory  
  23  2:21  Marine x2  
  25  2:28  SCV  
  26  2:40  Marine x2, SCV  
  29  2:53  Orbital Command  
  29  3:02  Supply Depot  
  29  3:05  Marine x2  
  31  3:16  Engineering Bay  
  31  3:20  SCV  
  31  3:21  SCV  
  33  3:31  Supply Depot  
  33  3:33  SCV  
  34  3:37  SCV  
  35  3:45  SCV  
  36  3:49  SCV  
  36  3:51  Factory Tech Lab  
  36  3:52  Armory  
  37  3:58  SCV  
  37  4:02  SCV  
  39  4:05  Refinery  
  39  4:10  SCV  
  39  4:14  SCV  
  41  4:18  Siege Tank  
  41  4:21  Marine x2  
  46  4:24  Terran Infantry Weapons Level 1  
  46  4:32  Refinery  
  46  4:33  Missile Turret  
  46  4:44  Missile Turret  
  46  4:55  Command Center  
  46  5:03  Marine x2  
  48  5:15  Starport, Siege Tank  
  48  5:21  Marine x2  
  53  5:25  Supply Depot  
  53  5:30  SCV  
  53  5:32  SCV  
  55  5:42  SCV  
  56  5:44  SCV  
  57  5:51  Supply Depot  
  57  5:54  SCV  
  58  6:01  Hellion  
  60  6:07  SCV  
  60  6:08  SCV x2  
  63  6:19  Terran Infantry Armor Level 1  
  63  6:20  Supply Depot, SCV x3  
  63  6:23  Hellion  
  68  6:32  SCV x3  
  71  6:44  SCV x2  
  71  6:46  Orbital Command  
  73  6:49  Marine x2  
  75  6:56  SCV  
  74  7:26  Marine  
  74  7:27  Marine  
  76  7:42  Barracks  
  76  7:44  Marine x2  
  78  7:52  Supply Depot  
  78  7:55  SCV  
  79  7:59  SCV  
  79  8:03  SCV  
  81  8:07  SCV  
  81  8:11  SCV  
  83  8:15  SCV  
  83  8:16  Siege Tank  
  83  8:18  Command Center  
  83  8:19  SCV, Terran Infantry Weapons Level 2  
  88  8:20  Terran Vehicle Weapons Level 1  
  88  8:23  SCV  
  88  8:28  SCV  
  88  8:32  SCV  
  90  8:35  SCV  
  90  8:40  SCV  
  87  9:20  Command Center  
  87  9:25  Barracks  
  87  9:42  Supply Depot  
  87  9:47  Supply Depot  
  87  9:48  Supply Depot  
  87  9:55  Starport Reactor  
  87  10:03  SCV x2, Siege Tank  
  87  10:06  Supply Depot  
  92  10:09  Barracks Reactor  
  92  10:10  Marine, Supply Depot  
  92  10:11  Supply Depot, Marine  
  94  10:14  Barracks  
  94  10:19  Terran Vehicle Weapons Level 2  
  92  10:28  Marine x2  
  92  10:30  Supply Depot  
  92  10:34  Terran Infantry Armor Level 2  
  93  10:46  Marine  
  94  11:03  Command Center  
  94  11:12  Command Center, Barracks Tech Lab x2  
  94  11:33  Marauder  
  94  11:34  Marauder  
  94  11:35  Marine x4  
  102  11:40  Medivac x2  
  106  11:50  Supply Depot  
  106  11:53  Marine x4  
  110  11:55  Marauder x2  
  114  12:10  Medivac x2, Marine  
  114  12:14  Supply Depot  
  119  12:16  Marauder x2  
  123  12:31  Refinery, SCV  
  124  12:38  Supply Depot  
  124  12:43  SCV  
  114  12:46  Marine x3  
  114  12:47  Marine x3  
  120  12:55  SCV  
  120  12:57  Refinery  
  121  13:02  Sensor Tower  
  121  13:04  Marine x5  
  121  13:05  Marine  
  127  13:08  SCV  
  128  13:19  Medivac x2  
  132  13:21  Siege Tank  
  132  13:22  Marine x4  
  132  13:23  Marauder x2  
  132  13:39  Marine  
  132  13:40  Marine x2  
Show
View Real Time Build Order
Export as new Build Order

duudley Protoss 

Build Orders: 1 Gate Expand, Oracle Opening 

Get SALT Encoding   

  12  0:00  Probe  
  13  0:13  Probe  
  14  0:19  Pylon  
  14  0:25  Probe  
  15  0:37  Probe  
  15  0:42  Gateway  
  16  0:46  Probe  
  16  0:49  Assimilator  
  17  0:54  Probe  
  17  1:01  Assimilator  
  18  1:16  Probe  
  19  1:28  Probe  
  19  1:32  Cybernetics Core  
  20  1:44  Nexus  
  20  1:46  Probe  
  21  1:53  Warp Gate  
  21  1:59  Probe  
  22  2:01  Gateway  
  22  2:29  Stargate  
  22  2:33  Pylon  
  22  2:42  Probe  
  23  2:50  Stalker  
  25  2:54  Stalker  
  25  2:55  Probe  
  25  2:56  Probe  
  28  3:04  Probe  
  29  3:07  Probe  
  31  3:13  Gateway  
  31  3:19  Oracle, Probe  
  35  3:25  Pylon  
  35  3:42  Probe x2  
  37  3:49  Assimilator  
  37  3:54  Probe x2  
  39  4:10  Nexus  
  39  4:19  Gateway  
  39  4:22  Gateway  
  36  4:51  Stalker x2  
  36  4:52  Stalker  
  42  5:01  Pylon  
  42  5:04  Gateway, Forge  
  42  5:09  Gateway  
  42  5:12  Probe  
  42  5:13  Probe  
  44  5:24  Probe  
  44  5:25  Probe x2  
  47  5:34  Twilight Council  
  47  5:37  Pylon, Probe x3  
  47  5:42  Protoss Ground Weapons Level 1, Pylon  
  50  5:45  Robotics Facility  
  50  5:49  Stalker, Probe x3  
  55  6:01  Probe  
  55  6:02  Probe  
  56  6:04  Probe  
  56  6:09  Probe  
  58  6:12  Blink  
  58  6:14  Probe  
  58  6:16  Probe  
  58  6:17  Templar Archives  
  61  6:22  Stalker, Probe  
  64  6:26  Probe  
  64  6:28  Probe  
  66  6:34  Probe  
  66  6:37  Pylon  
  66  6:39  Pylon, Probe  
  68  6:40  Probe  
  68  6:46  Probe  
  70  6:51  Probe  
  70  6:52  Probe, Pylon  
  72  6:56  Pylon  
  72  6:58  Stalker  
  72  6:59  Stalker x3  
  74  7:29  Stalker x3  
  80  7:30  Stalker x3  
  80  7:35  Assimilator  
  86  7:37  Assimilator  
  86  7:38  Stalker  
  86  7:40  Protoss Ground Weapons Level 2  
  88  7:52  Immortal  
  88  7:53  Assimilator  
  92  8:07  Robotics Facility  
  92  8:10  Robotics Facility  
  92  8:13  Robotics Facility  
  92  8:31  Immortal  
  86  9:09  Stalker  
  88  9:10  Stalker x5  
  98  9:17  Immortal x3  
  98  9:18  Immortal  
  98  9:19  Stalker  
  116  9:50  Nexus  
  116  9:52  Pylon  
  116  9:54  Pylon  
  116  9:56  Pylon  
  116  9:58  Pylon  
  116  10:08  Protoss Ground Armor Level 1  
  116  10:11  Immortal  
  120  10:19  Assimilator  
  120  10:20  Assimilator  
  120  10:22  Stalker x2  
  120  10:23  Sentry  
  120  10:24  Sentry x4  
  113  11:18  Nexus  
  113  11:26  Psionic Storm  
  113  11:31  High Templar x2  
  113  11:32  High Templar x4  
  125  11:41  Pylon  
  125  11:43  Archon x2  
  125  11:44  Archon, Pylon  
  125  11:54  Probe  
  125  11:57  Probe x2  
  121  12:09  Probe  
  121  12:10  Probe  
  111  12:28  Stalker  
  111  12:29  Stalker x4  
  121  12:30  Stalker  
  121  12:32  Immortal  
  121  12:33  Immortal x3  
  139  12:39  Stalker  
  140  12:45  Pylon  
  139  12:57  Probe x3  
  140  13:09  High Templar, Probe x3  
  140  13:12  Zealot x2, Immortal, Observer x3  
  154  13:13  Zealot x4  
  164  13:21  Probe  
Tags
 
Add a new tag
Caveats
  • Supply blocks, unpowered buildings, or Contaminate may cause inaccurate times.
  • Supply counts are checked every 10 seconds.